 Dungeon Crawl Stone Soup version 0.20-a0-705-gbe8799e (webtiles) character file.

7 RKaid the Covered (level 1, 0/15 HPs)
             Began as a Demonspawn Wanderer on Feb 21, 2017.
             Slain by a jackal (2 damage)
             ... on level 2 of the Dungeon.
             The game lasted 00:03:02 (668 turns).

RKaid the Covered (Demonspawn Wanderer)              Turns: 668, Time: 00:03:02

Health: 0/15       AC:  5    Str: 12    XL:     1   Next: 91%
Magic:  2/2        EV: 10    Int: 15    God:
Gold:   26         SH:  0    Dex: 10    Spells: 2/2 levels left

rFire    . . .     SeeInvis .   d - +0 club
rCold    . . .     Gourm    .   c - +0 ring mail
rNeg     . . .     Faith    .   (no shield)
rPois    .         Spirit   .   (no helmet)
rElec    .         Reflect  .   (no cloak)
rCorr    .         Harm     .   (no gloves)
MR       .....                  (no boots)
Stlth    ..........             (no amulet)
Regen    0.1/turn               (no ring)
MPRegen  0.1/turn               (no ring)

@: no status effects
A: no striking features
a: no special abilities


You were on level 2 of the Dungeon.
You were not hungry.

You visited 1 branch of the dungeon, and saw 2 of its levels.

You collected 26 gold pieces.

Inventory:

Hand Weapons
 d - a +0 club (weapon)
Armour
 c - a +0 ring mail (worn)
Jewellery
 e - an uncursed ring of ice {rC+, rF-}
   (You found it on level 1 of the Dungeon)
Scrolls
 g - a scroll of identify {unknown}
 h - a scroll of recharging {unknown}
Books
 a - a book of Minor Magic
 b - the Collected Works on Translocation

   Spells                             Type                      Level
   a - Apportation                    Translocation                1
   b - Teleport Other                 Translocation                3
Comestibles
 f - a bread ration


   Skills:
 + Level 1.5 Fighting
 + Level 0.0 Maces & Flails
   Level 1.0 Crossbows
 - Level 2.6 Armour
   Level 1.7 Shields
 - Level 1.0 Spellcasting
   Level 2.0 Conjurations
   Level 1.0 Transmutations


You had 2 spell levels left.
You didn't know any spells.

Dungeon Overview and Level Annotations

Branches:
Dungeon (2/15)

Altars:


Message History

You see here a club.
A kobold comes into view. It is wielding a dagger of protection.
The kobold shouts!
The kobold hits you but does no damage.
You hit the kobold but do no damage.
The kobold hits you with a dagger of protection.
You closely miss the kobold. The kobold hits you but does no damage.
Your ring mail prevents you from hitting the kobold.
The kobold hits you but does no damage.
The kobold hits you with a dagger of protection.
You barely miss the kobold. The kobold barely misses you.
You hit the kobold. The kobold hits you but does no damage.
You closely miss the kobold. The kobold closely misses you.
You hit the kobold but do no damage.
The kobold hits you with a dagger of protection.
The kobold barely misses you.
You barely miss the kobold.
The kobold hits you with a dagger of protection.
You barely miss the kobold. The kobold completely misses you.
You closely miss the kobold. The kobold hits you but does no damage.
The kobold hits you with a dagger of protection.
You miss the kobold. The kobold barely misses you.
You closely miss the kobold. The kobold closely misses you.
You hit the kobold.
The kobold hits you with a dagger of protection.
* * * LOW HITPOINT WARNING * * *
The kobold hits you with a dagger of protection.
* * * LOW HITPOINT WARNING * * *
A dart slug comes into view.
A jackal comes into view.
The jackal moves out of view.
The jackal closely misses you.
The jackal bites you but does no damage.
The jackal bites you but does no damage.
The jackal misses you. The jackal closely misses you. The jackal bites you.
* * * LOW HITPOINT WARNING * * *
You aren't carrying any potions.
The jackal bites you but does no damage.
The jackal barely misses you.
A dart slug comes into view.
The jackal misses you.
The jackal bites you but does no damage.
There is a stone staircase leading down here.
The jackal closely misses you.
You climb downwards.
A rat comes into view.
There is a stone staircase leading up here.
You closely miss the jackal. The jackal barely misses you. x2
You hit the jackal but do no damage. The jackal barely misses you.
The rat barely misses you. The jackal barely misses you.
A quokka comes into view.
The jackal closely misses you.
The jackal bites you but does no damage.
You closely miss the jackal.
The jackal bites you but does no damage.
You hit the jackal but do no damage. The jackal bites you.
* * * LOW HITPOINT WARNING * * *
The jackal closely misses you.
You closely miss the jackal. The jackal bites you.
* * * LOW HITPOINT WARNING * * *
The jackal barely misses you.
You hit the jackal. The jackal closely misses you.
The jackal bites you but does no damage.
The jackal misses you. The jackal closely misses you.
You barely miss the jackal. The jackal closely misses you.
The jackal bites you but does no damage.
You hit the jackal but do no damage. The jackal barely misses you.
The jackal closely misses you.
You miss the jackal.
The jackal bites you but does no damage.
You closely miss the jackal. The jackal closely misses you.
The jackal barely misses you.
You hit the jackal. The jackal bites you.
* * * LOW HITPOINT WARNING * * *
The jackal bites you but does no damage.
The jackal barely misses you.
The rat twitches its whiskers.
The jackal bites you but does no damage.
The jackal barely misses you.
The jackal bites you but does no damage.
A rat comes into view.
The jackal barely misses you.
A giant cockroach comes into view.
The rat bites you but does no damage.
The quokka twitches its whiskers.
The jackal closely misses you. The jackal completely misses you.
The jackal completely misses you.
The jackal bites you but does no damage.
The jackal bites you but does no damage.
The jackal closely misses you.
You hit the jackal.
The jackal bites you but does no damage.
You hit the jackal.
The jackal bites you but does no damage.
The jackal bites you.
You die...

.........!..#
............#
............#
.......######
.......# #####
.......## #...#
........###...#
.......s.##..r#####.#
........r.#..rrh@...#
........#....s#######
........###...#
........# #...#
......### #...#
.....# #...# ...#
#####


You could see a quokka, a jackal, a giant cockroach and 2 rats.

Vanquished Creatures
  A dart slug (D:1)
  2 hobgoblins (D:1)
  2 bats (D:1)
5 creatures vanquished.

Notes
Turn   | Place    | Note
-------+----------+-------------------------------------------
     0 | D:1      | RKaid the Demonspawn Wanderer began the quest for the Orb.
     0 | D:1      | RKaid set off with: a book of Minor Magic, the Collected Works on Translocation, a +0 ring mail, a +0 club, a bread ration
     0 | D:1      | Reached XP level 1. HP: 15/15 MP: 1/1
     0 | D:1      | Identified the Collected Works on Translocation
   381 | D:1      | Reached skill level 1 in Spellcasting
   553 | D:1      | HP: 2/15 [kobold/dagger of protection (4)]
   605 | D:1      | HP: 2/15 [jackal (2)]
   626 | D:2      | HP: 2/15 [jackal (1)]
   639 | D:2      | HP: 1/15 [jackal (1)]
   668 | D:2      | Slain by a jackal

Vault maps used:
D:1:      saegor_arrival_simple_e
D:2:      lemuel_coloured_pillars_altar, first_bread, roderic_digamma_sauvastika

Skill      XL: |  1 |
---------------+----+-----
Spellcasting   | 1 |  1.0
Fighting       | |  1.5
Crossbows      | |  1.0
Armour         | |  2.6
Shields        | |  1.7
Conjurations   | |  2.0
Transmutations | |  1.0

Action                   || total
-------------------------++-------
Melee: Club              ||    80
Armor: Ring mail         ||    86
Dodge: Dodged            ||   105

Vault maps used:
D:1:      saegor_arrival_simple_e
D:2:      lemuel_coloured_pillars_altar, first_bread, roderic_digamma_sauvastika

Table legend:
 A = Turns spent in this place as a percentage of turns spent in the entire game.
 B = Non-inter-level travel turns spent in this place as a percentage of non-inter-level travel turns spent in the entire game.
 C = Inter-level travel turns spent in this place as a percentage of turns spent in this place.
 D = Turns resting spent in this place as a percentage of non-inter-level travel turns spent in this place.
 E = Turns spent auto-exploring this place as a percentage of non-inter-level travel turns spent in this place.
 F = Non-inter-level travel turns spent in this place divided by the number of levels of this place that you've seen.
                   A       B       C       D       E      F
               +-------+-------+-------+-------+-------+----------------------
         Total | 100.0 | 100.0 |   0.0 |   2.1 |   3.2 | 141.5
       Dungeon | 100.0 | 100.0 |   0.0 |   2.1 |   3.2 | 141.5
               +-------+-------+-------+-------+-------+----------------------

Table legend:
 A = Kills in this place as a percentage of kills in entire the game.
 B = Kills by you in this place as a percentage of kills by you in the entire game.
 C = Kills by friends in this place as a percentage of kills by friends in the entire game.
 D = Other kills in this place as a percentage of other kills in the entire game.
 E = Experience gained in this place as a percentage of experience gained in the entire game.
 F = Experience gained in this place divided by the number of levels of this place that you have seen.
                   A       B       C       D       E      F
               +-------+-------+-------+-------+-------+----------------------
         Total | 100.0 | 100.0 |  -nan |  -nan | 100.0 |   5.5
       Dungeon | 100.0 | 100.0 |  -nan |  -nan | 100.0 |   5.5
               +-------+-------+-------+-------+-------+----------------------
